 Dungeon Crawl Stone Soup version 0.16.2-12-gd0ad4c3 (webtiles) character file.

68240 Kloppie the Warrior (level 15, -2/140 (141) HPs)
             Began as a Ghoul Monk on Oct 31, 2015.
             Was the Champion of Makhleb.
             Slain by a raven (4 damage)
             ... led by a tengu warrior
             ... on level 14 of the Dungeon.
             The game lasted 01:14:03 (24693 turns).

Kloppie the Warrior (Ghoul Monk)                   Turns: 24693, Time: 01:14:03

HP:   -2/140 (141)  AC: 26    Str: 22    XL:     15   Next: 25%
MP:   28/28         EV: 11    Int:  8    God:    Makhleb [******]
Gold: 1546          SH:  0    Dex: 11    Spells: 0 memorised, 14 levels left

rFire  + . .     SeeInvis .       - Unarmed
rCold  + + .     Clarity  .     v - +2 plate armour {rC+}
rNeg   + + +     SustAb   .     (no shield)
rPois  ∞         Gourm    .     z - +2 hat {Int+3}
rElec  .         Spirit   .     i - +1 cloak {rPois}
rCorr  .         Warding  .     (no gloves)
rMut   .         Stasis   .     H - +2 pair of boots {Fly}
MR     ++...                    M - amulet of regeneration
Stlth  ..........               T - ring of protection from magic
                                p - ring of protection from fire

@: rotting, very resistant to hostile enchantments, extremely unstealthy
A: rotting body, claws 1, carnivore 3, cold resistance 1, negative energy
resistance 3, poison resistance, slow healing 1, torment resistance, unbreathing
a: Minor Destruction, Lesser Servant of Makhleb, Major Destruction, Greater
Servant of Makhleb, Renounce Religion, Evoke Flight


You were on level 14 of the Dungeon.
You worshipped Makhleb.
Makhleb was exalted by your worship.
You were not hungry.

You visited 4 branches of the dungeon, and saw 26 of its levels.
You also visited: Labyrinth.

You collected 2663 gold pieces.
You spent 1117 gold pieces at shops.

Inventory:

Armour
 i - a +1 cloak of poison resistance (worn)
 v - a +2 plate armour of cold resistance (worn)
 z - a +2 hat of intelligence (worn)
 H - a +2 pair of boots of flying (worn)
Jewellery
 f - an uncursed ring of flight
 j - an uncursed ring of invisibility
 o - the amulet "Trywkusy" {Ward rElec rF+ rC+ rN+ Int-4 SInv}
   (You bought it in a shop on level 1 of the Orcish Mines)

   [amulet of warding]

   It may prevent the melee attacks of summoned creatures.
   It affects your intelligence (-4).
   It protects you from fire.
   It protects you from cold.
   It insulates you from electricity.
   It protects you from negative energy.
   It enhances your eyesight.
 p - a ring of protection from fire (left claw)
 w - an uncursed amulet of resist mutation {unknown}
 F - an uncursed ring of sustain abilities
 K - an uncursed ring of protection from cold
 M - an amulet of regeneration (around neck)
 T - a ring of protection from magic (right claw)
Magical devices
 b - a wand of fireball (4)
 k - a wand of teleportation (3)
 C - a wand of digging (12)
Scrolls
 c - 5 scrolls of teleportation
 d - 5 scrolls of recharging
 h - a scroll of amnesia
 l - 8 scrolls of remove curse
 m - a scroll of identify
 n - 2 scrolls of fear
 q - 4 scrolls of magic mapping
 y - 3 scrolls of blinking
 I - a scroll of fog
 S - 2 scrolls of enchant armour
Potions
 e - 8 potions of curing
 t - a potion of cancellation
 u - 2 potions of might
 x - a potion of flight
 J - 2 potions of resistance
 L - 2 potions of cure mutation {unknown}
 N - 4 potions of restore abilities
 P - 4 potions of haste
Books
 a - a book of Control

   Spells                             Type                      Level
   a - Control Teleport               Charms/Translocation         4
   b - Control Undead                 Necromancy                   4
   c - Enslavement                    Hexes                        4
   d - Metabolic Englaciation         Hexes/Ice                    5
   e - Mass Confusion                 Hexes                        6
Comestibles
 g - 3 royal jellies
 r - 9 beef jerkies
 s - 6 meat rations


   Skills:
 - Level 15.0 Fighting
 + Level 13.3 Armour
 - Level 10.0 Dodging
 - Level 2.1 Stealth
 - Level 11.6 Unarmed Combat
 - Level 11.0 Invocations


You had 14 spell levels left.
You didn't know any spells.

Dungeon Overview and Level Annotations

Branches:
Dungeon (14/15)            Temple (1/1) D:6            Lair (7/8) D:11
  Swamp (0/5) Lair:3       Spider (0/5) Lair:6        Slime (0/6) Lair:6
    Orc (4/4) D:12            Elf (0/3) Orc:3        Vaults (0/5) D:14

Altars:
Ashenzari
Cheibriados
Dithmenos
Elyvilon
Fedhas
Gozag
Kikubaaqudgha
Makhleb
Nemelex Xobeh
Okawaru
Qazlal
Ru
Sif Muna
Trog
Vehumet
Xom
Yredelemnul
Zin
The Shining One
Beogh

Shops:
D:4 ?   D:8 *[   D:9 (   D:10 !   Orc:1 *==   Orc:4 !*(}

Annotations:
D:3 crazy yiuf, 1 exclusion
D:10 exclusion: ice statue


Innate Abilities, Weirdness & Mutations

Your body is rotting away.
You thrive on raw meat.
You have sharp fingernails.
You are carnivorous and can eat meat at any time.
Your flesh is cold resistant.
You are immune to negative energy.
Your system is resistant to poisons.
You heal slowly when monsters are visible.
You are immune to unholy pain and torment.
You can survive without breathing.


Message History

The raven closely misses you. The raven pecks you but does no damage.
The raven claws you but does no damage.
The centaur warrior hits you but does no damage.
The raven closely misses you. The raven completely misses you.
The raven barely misses you. The raven claws you but does no damage.
The centaur warrior hits you.
* * * LOW HITPOINT WARNING * * *
The raven pecks you but does no damage. The raven claws you but does no damage.
The raven closely misses you. The raven barely misses you.
The centaur warrior hits you!
* * * LOW HITPOINT WARNING * * *
The raven misses you. The raven claws you but does no damage.
The raven pecks you!
* * * LOW HITPOINT WARNING * * *
The raven claws you but does no damage.
There is a stone staircase leading up here.
The raven pecks you.
* * * LOW HITPOINT WARNING * * *
The raven claws you.
You die...

.................#
.................#
.................#
.................#
.................#
......))†........#
.................#
...............b.#
###..........QCc@#
# #...........a.<#
# #.............<#
................#
................#
................#
...............#
.............#
............#


You could see a hill giant, a tengu warrior, a centaur warrior, a raven and a
soldier ant.

Vanquished Creatures
  3 hydras
  Fannar (Lair:3)
  Harold (Orc:2)
  A centaur warrior (D:13)
  2 ogre magi (Orc:3)
  Erica (Lair:4)
  2 dancing weapons (D:14)
  4 death yaks (Lair:7)
  The ghost of CcS the Archer, an experienced CeHu of Fedhas (D:6)
  Erolcha (Orc:2)
  5 skeletal warriors (D:13)
  2 deep trolls (Orc:3)
  Pikel (D:4)
  5 hill giants
  3 ugly things
  2 orc sorcerers (Orc:4)
  2 cyclopes (Orc:4)
  4 elephants
  2 black mambas
  11 spiny frogs
  Joseph (D:11)
  2 molten gargoyles (Lair:3)
  A manticore (D:13)
  A torpor snail (Lair:7)
  6 komodo dragons
  12 trolls
  6 blink frogs (Lair:5)
  8 polar bears (Lair:6)
  A fire drake (Lair:3)
  9 two-headed ogres
  2 basilisks
  A slime creature (Lair:6)
  A raven (D:14)
  A boulder beetle (Lair:7)
  A trapdoor spider (D:11)
  3 deep elf magi
  33 yaks
  3 wyverns
  A mottled dragon (D:10)
  13 hippogriffs
  Grum (D:9)
  5 hungry ghosts
  2 wraiths
  2 wolves
  Edmund (D:4)
  3 steam dragons
  10 vampire mosquitoes
  A warg (Orc:4)
  9 porcupines
  13 water moccasins
  18 orc warriors
  2 wasps
  A black bear (D:10)
  3 ice beasts (D:10)
  5 phantoms
  A boring beetle (Lair:7)
  23 ogres
  An eye of draining (D:13)
  7 big kobolds
  2 sky beasts
  5 centaurs
  6 crocodiles
  9 giant frogs
  Blork the orc (D:8)
  2 wyvern zombies
  3 scorpions
  3 troll zombies (D:12)
  5 wights (D:9)
  5 lava snakes (Lair:3)
  2 electric eels (Lair:7)
  14 killer bees
  8 crimson imps
  A goliath beetle (D:10)
  8 jellies
  A giant frog zombie (D:9)
  9 hounds
  21 orc priests
  3 giant frog skeletons
  19 worker ants
  3 centaur skeletons
  9 iguanas
  5 hell rats (Lair:6)
  37 orc wizards
  20 sheep
  A killer bee zombie (D:8)
  5 ogre zombies (D:12)
  Ijyb (D:7)
  A hound skeleton (D:4)
  A mummy (D:10)
  22 adders
  A shadow imp (D:6)
  3 giant mites
  44 river rats
  3 worms
  7 giant geckos
  2 oozes
  200 orcs
  A bat skeleton (D:8)
  8 giant cockroaches
  21 hobgoblins
  21 jackals
  18 bats
  A giant gecko skeleton (D:6)
  4 giant newts
  A giant spore (D:11)
  13 goblins
  2 goblin skeletons (D:12)
  3 goblin zombies (D:12)
  A hobgoblin skeleton (D:12)
  3 hobgoblin zombies (D:12)
  28 kobolds
  4 orc skeletons (D:12)
  14 orc zombies
  17 quokkas
  23 rats
  2 ballistomycetes (D:8)
  A plant (Lair:6)
946 creatures vanquished.

Vanquished Creatures (collateral kills)
  Gastronok (D:8)
  A minotaur (Lab)
  Josephine (D:13)
  A centaur warrior (D:13)
  2 death yaks (Lair:7)
  An unseen horror (D:10)
  2 hill giants
  A black mamba (Lair:7)
  An orc knight (Orc:4)
  A spiny frog (Lair:7)
  An orange demon (Lair:4)
  A centaur skeleton (D:10)
  A komodo dragon (Lair:1)
  A two-headed ogre (Orc:3)
  A polar bear (Lair:6)
  A wraith (D:13)
  2 yaks (D:11)
  2 orc warriors
  4 centaurs
  An ogre (Orc:3)
  5 ice beasts (D:10)
  2 crocodiles (Lair:7)
  An orc wizard (D:8)
  A sheep (Lair:3)
  A river rat (Lair:7)
  5 ufetubi (Orc:4)
  2 orcs
  A bat skeleton (D:8)
  A fungus (Lair:1)
46 creatures vanquished.

Vanquished Creatures (others)
  A blizzard demon (Orc:4)
  4 orange demons
  2 smoke demons
  A hellwing (Lair:7)
  4 ynoxinuls
  5 neqoxecs
  2 orc wizards (Orc:2)
  A river rat (Lair:7)
  A white imp (Orc:4)
  17 ufetubi
  3 orcs (Orc:2)
  A giant spore (D:8)
  9 fungi
  6 plants
57 creatures vanquished.

Grand Total: 1049 creatures vanquished

Notes
Turn   | Place    | Note
--------------------------------------------------------------
     0 | D:1      | Kloppie, the Ghoul Monk, began the quest for the Orb.
     0 | D:1      | Reached XP level 1. HP: 19/19 MP: 1/1
   169 | D:1      | Reached XP level 2. HP: 23/26 MP: 2/2
   778 | D:2      | Reached XP level 3. HP: 27/32 MP: 3/3
   848 | D:2      | Found an ancient bone altar of Kikubaaqudgha.
   885 | D:2      | Reached skill level 5 in Unarmed Combat
  1147 | D:2      | Reached XP level 4. HP: 35/39 MP: 3/3
  1631 | D:3      | Reached XP level 5. HP: 44/44 MP: 4/4
  1647 | D:3      | Reached skill level 5 in Fighting
  1877 | D:3      | Found a sacrificial altar of Ru.
  1877 | D:3      | Found a shimmering altar of Xom.
  2079 | D:4      | Reached skill level 6 in Unarmed Combat
  2183 | D:4      | Noticed Edmund
  2268 | D:4      | Noticed a phantom
  2270 | D:4      | Reached XP level 6. HP: 56/56 MP: 5/5
  2297 | D:4      | Killed a phantom
  2599 | D:4      | Reached skill level 7 in Unarmed Combat
  2599 | D:4      | Reached XP level 7. HP: 55/64 MP: 5/5
  2649 | D:4      | Found a shadowy altar of Dithmenos.
  2683 | D:4      | Noticed a slave
  2684 | D:4      | Noticed a slave
  2684 | D:4      | Noticed a phantom
  2685 | D:4      | Noticed Pikel
  2695 | D:4      | Noticed a slave
  2699 | D:4      | Noticed a slave
  2705 | D:4      | Killed Pikel
  2705 | D:4      | Reached skill level 8 in Unarmed Combat
  2705 | D:4      | Reached XP level 8. HP: 57/74 MP: 6/6
  2731 | D:4      | Killed a phantom
  2829 | D:4      | Killed Edmund
  2854 | D:4      | Found Qonam's Magic Scroll Boutique.
  2861 | D:4      | Bought a scroll of identify for 28 gold pieces
  2861 | D:4      | Bought a scroll of identify for 28 gold pieces
  2861 | D:4      | Bought a scroll of remove curse for 42 gold pieces
  2861 | D:4      | Bought a scroll of amnesia for 49 gold pieces
  2861 | D:4      | Bought a scroll of teleportation for 42 gold pieces
  2887 | D:4      | Found a glowing silver altar of Zin.
  2976 | D:5      | Entered Level 5 of the Dungeon
  3531 | D:5      | Reached skill level 9 in Unarmed Combat
  3898 | D:6      | Noticed CcS's ghost (experienced CeHu)
  3912 | D:6      | Killed CcS's ghost
  3912 | D:6      | Reached skill level 10 in Unarmed Combat
  3912 | D:6      | Reached XP level 9. HP: 39/85 MP: 7/7
  4292 | D:6      | Found a staircase to the Ecumenical Temple.
  4298 | Temple   | Entered the Ecumenical Temple
  4531 | Temple   | Became a worshipper of Makhleb the Destroyer
  4531 | Temple   | Acquired Makhleb's first power
  4531 | Temple   | Acquired Makhleb's second power
  4606 | D:6      | Reached skill level 10 in Fighting
  5206 | D:7      | Noticed Ijyb
  5214 | D:7      | Killed Ijyb
  5756 | D:8      | Noticed Blork the orc
  5765 | D:8      | Killed Blork the orc
  5810 | D:8      | Acquired Makhleb's third power
  5832 | D:8      | Found Zaafaw's Antique Armour Boutique.
  5847 | D:8      | Noticed Gastronok
  5850 | D:8      | Noticed Grum
  5854 | D:8      | Reached skill level 11 in Unarmed Combat
  6498 | D:9      | Reached skill level 1 in Armour
  6498 | D:9      | Reached skill level 1 in Invocations
  6498 | D:9      | Reached XP level 10. HP: 64/94 MP: 7/9
  6529 | D:9      | Killed Grum
  6622 | D:8      | Found a white marble altar of Elyvilon.
  6681 | D:8      | Killed Gastronok
  6711 | D:8      | Found a deep blue altar of Sif Muna.
  6865 | D:8      | Bought a pair of embroidered boots for 99 gold pieces
  7101 | D:8      | Reached skill level 5 in Invocations
  7154 | D:8      | Found Qaimmaq's Assorted Antiques.
  7161 | D:8      | Bought a scroll labeled CIFEABB LIHO for 32 gold pieces
  7161 | D:8      | Bought a brown potion for 28 gold pieces
  7365 | D:8      | Acquired Makhleb's fourth power
  7631 | D:9      | Found Hayntor's Weapon Emporium.
  7891 | D:9      | Found a radiant altar of Vehumet.
  7960 | D:9      | Reached skill level 5 in Armour
  8806 | D:10     | Entered Level 10 of the Dungeon
  8806 | D:10     | Found Isear's Distillery.
  8812 | D:10     | Reached XP level 11. HP: 100/100 MP: 20/20
  8923 | D:10     | Bought 2 potions of agility for 96 gold pieces
  8923 | D:10     | Bought a potion of haste for 120 gold pieces
  9021 | D:10     | Killed an unseen horror
  9054 | D:10     | Noticed an ice statue
  9283 | D:10     | Noticed a hill giant
  9298 | D:10     | Killed a hill giant
  9315 | D:10     | Found a burning altar of Makhleb.
  9750 | D:11     | Acquired Makhleb's fifth power
  9791 | D:11     | Found a labyrinth entrance.
  9812 | Lab      | Entered a labyrinth
  9920 | Lab      | Noticed a minotaur
  9930 | Lab      | Killed a minotaur
  9936 | Lab      | Identified the Compendium of Hurtful Feathers
  9981 | Lab      | Got a dazzling broad axe
  9981 | Lab      | Got a silken robe
  9984 | D:11     | Identified the cursed -5 robe of Misfortune {-Cast Contam *Tele EV-4 Str-2 Int-2 Dex-2 Stlth-- Curse} (You found it in a labyrinth)
  9986 | D:11     | Identified the +9 broad axe "Sofiser" {chop, rPois Dex+3} (You found it in a labyrinth)
 10068 | D:11     | Noticed a hill giant
 10090 | D:11     | Killed a hill giant
 10171 | D:11     | Noticed Joseph
 10187 | D:11     | Killed Joseph
 10277 | D:11     | Found a staircase to the Lair.
 10654 | D:11     | Noticed a hill giant
 10662 | D:11     | Killed a hill giant
 10662 | D:11     | Reached skill level 10 in Invocations
 10910 | D:12     | Noticed a hill giant
 11000 | D:11     | Killed a hill giant
 11000 | D:11     | Reached XP level 12. HP: 58/107 MP: 24/24
 11418 | Lair:1   | Entered Level 1 of the Lair of Beasts
 12586 | Lair:3   | Reached skill level 10 in Armour
 12815 | Lair:3   | Found a staircase to the Swamp.
 13081 | Lair:3   | Reached skill level 12 in Fighting
 13309 | Lair:4   | Noticed Fannar
 13655 | Lair:3   | Killed Fannar
 13782 | Lair:3   | Reached XP level 13. HP: 32/118 MP: 26/26
 14009 | Lair:4   | Noticed Erica
 14022 | Lair:4   | Killed Erica
 14362 | Lair:5   | Reached skill level 13 in Fighting
 15192 | Lair:6   | Found a staircase to the Slime Pits.
 15263 | Lair:6   | Found a hole to the Spider Nest.
 16428 | Lair:6   | Reached skill level 14 in Fighting
 17045 | Lair:7   | Reached XP level 14. HP: 118/133 MP: 27/27
 17319 | Lair:7   | HP: 2/133 [squashed by a boulder beetle (10)]
 18468 | D:12     | Reached skill level 15 in Fighting
 18612 | D:12     | Found a staircase to the Orcish Mines.
 19175 | Orc:1    | Entered Level 1 of the Orcish Mines
 19226 | Orc:1    | Found Kyenkyt's General Store.
 19255 | Orc:1    | Found Veesucra's Jewellery Boutique.
 19720 | Orc:2    | Noticed Erolcha
 19731 | Orc:2    | Killed Erolcha
 19918 | Orc:2    | Noticed Harold
 19992 | Orc:2    | Killed Harold
 20295 | Orc:1    | Found Huaryol's Jewellery Emporium.
 20358 | Orc:1    | Bought the amulet "Trywkusy" {Ward rElec rF+ rC+ rN+ Int-4 SInv} for 465 gold pieces
 21104 | Orc:4    | Entered Level 4 of the Orcish Mines
 21123 | Orc:4    | Found Oto Chet's Distillery.
 21149 | Orc:3    | HP: 2/134 [hellwing[the player character] (6)]
 21468 | Orc:3    | Reached skill level 5 in Dodging
 21940 | Orc:4    | Found Skaif's Assorted Antiques.
 21995 | Orc:4    | Found Sarif's Weapon Boutique.
 21997 | Orc:4    | Found Tilucave's Gadget Shoppe.
 22208 | Orc:4    | Bought a potion of cancellation for 88 gold pieces
 22883 | Orc:4    | Found a roughly hewn altar of Beogh.
 23092 | Orc:3    | Found a staircase to the Elven Halls.
 23364 | Orc:2    | Found a roughly hewn altar of Beogh.
 23577 | D:13     | Noticed Josephine
 23599 | D:13     | Killed Josephine
 23601 | D:13     | Reached XP level 15. HP: 99/141 MP: 22/28
 24568 | D:14     | Found a gate to the Vaults.
 24594 | D:14     | Reached skill level 10 in Dodging
 24691 | D:14     | HP: 4/140 [raven[a tengu warrior] (9)]
 24693 | D:14     | Slain by a raven

Action                   |  1- 3 |  4- 6 |  7- 9 | 10-12 | 13-15 || total
-------------------------+-------+-------+-------+-------+-------++-------
Melee: Unarmed           |   114 |   190 |   299 |  1092 |  2024 ||  3719
Invok: Lesser Servant of |       |       |       |    16 |    16 ||    32
       Greater Servant o |       |       |       |       |     2 ||     2
 Abil: Stop Flying       |       |       |       |     1 |       ||     1
  Use: Scroll            |       |    13 |     4 |    13 |     7 ||    37
       Potion            |       |       |       |       |     2 ||     2
 Stab: Distracted        |       |       |       |       |     3 ||     3
  Eat: Chunk             |     3 |    10 |    17 |    68 |   108 ||   206
       Pizza             |       |       |       |       |     1 ||     1
